Plup, lawful female human Valkyrie ............................................................................... ............................................................................... ..........................I.................................................... ............................................................................... .....................................................%......................... ........ ...%^^}}}H.................. .}}}:}}}.................. }}}}}}.................. }}}}.................. ...................... .................... ................... .................. ................... }}.................. }}}.................. ..}}}}.................. ............... ....}}}}.................. ....................................................................%.H........ ....................................................................%<@........ ......................................................................`........ Plup the Woman-at-arms Experience level: 12 Strength: 18 Dexterity: 15 Constitution: 18 Intelligence: 10 Wisdom: 9 Charisma: 10 Health: 77(106) Energy: 36(36) Def: 20 Gold: 0 Moves: 12974 Dungeon seed: fiOZB2udxuLM4CpF Game ID: Plup_1514574901 Your Inventory: Amulets Y - an uncursed amulet of reflection (being worn) Weapons a - the blessed rustproof +2 Excalibur (weapon in hand) b - 5 uncursed +0 daggers (in quiver) p - an uncursed rusty +0 dagger C - a blessed rusty +1 dagger Armor e - a blessed +0 gray dragon scale mail (being worn) y - an uncursed rusty +0 dwarvish iron helm (being worn) z - an uncursed rusty +0 pair of iron shoes (being worn) N - an uncursed +3 small shield (being worn) Comestibles c - 6 uncursed food rations h - an uncursed female lizard corpse s - an uncursed partly eaten food ration Scrolls w - a cursed scroll of blank paper Potions t - a cursed diluted potion of object detection u - a blessed diluted potion of gain energy H - an uncursed diluted potion of object detection Rings l - an uncursed ring of see invisible (on left hand) K - an uncursed rusty ring of fire immunity (on right hand) Wands o - an uncursed wand of teleportation (0:4) v - an uncursed rusty wand of speed monster (0:6) Tools d - an uncursed oil lamp (0:1042) i - an uncursed sack named tote r - an uncursed bag of holding R - an uncursed skeleton key Z - an uncursed blindfold Contents of the sack named tote: a blessed scroll of amnesia a cursed ring of hunger an uncursed rusty wand of cancellation (0:4) an uncursed rusty wand of cancellation (0:0) an uncursed wand of digging (0:6) an uncursed wand of digging (0:2) an uncursed wand of light (0:12) a blessed wand of locking (0:2) a cursed wand of slow monster (0:0) an uncursed wand of speed monster (0:2) an uncursed wand of striking (0:3) an uncursed wand of teleportation (0:6) an uncursed wand of undead turning (0:2) Contents of the bag of holding: 1721 gold pieces an uncursed amulet of magical breathing an uncursed amulet versus poison a blessed scroll of blank paper an uncursed scroll of blank paper 2 uncursed scrolls of blank paper 4 uncursed scrolls of blank paper an uncursed scroll of blank paper an uncursed scroll of blank paper an uncursed scroll of blank paper a cursed scroll of blank paper a blessed scroll of teleportation a blessed diluted potion of blindness an uncursed diluted potion of gain ability 2 uncursed diluted potions of healing an uncursed diluted potion of invisibility an uncursed diluted potion of monster detection a blessed diluted potion of sickness an uncursed diluted potion of sickness an uncursed diluted potion of speed a potion of unholy water a cursed ring of aggravate monster an uncursed ring of invisibility an uncursed rusty ring of stealth an uncursed wand of light (0:12) an uncursed magic marker (0:93) Spells and supernatural/magical abilities: Spells marked with '*' are forgotten. Spells marked with '!' are maintained. Spells marked with '#' are aliased with 'castalias'. Name Level Category Fail Memory W - pray for help -- divine ? -- Your skills at the end: Fighting Skills wands [Basic] Weapon Skills dagger [Expert] long sword [Expert] Spellcasting Skills Final Attributes: You were immune to fire. You were immune to cold. You were magic resistant. You were level-drain resistant. You fumbled. You saw invisible. You were visible. You were stealthy. You aggravated monsters. You were protected. You were fast. You had reflection. You angered your god 6739 turns ago. Tyr was angry with you. You are dead. Vanquished creatures: a ghost a winged gargoyle 3 giant mimics 7 fire giants an ogre king an umber hulk 2 large mimics 2 stalkers a fire elemental 5 small mimics 3 quantum mechanics a wood golem a pyrolisk 2 flaming spheres a tiger a gargoyle an ochre jelly an energy vortex 2 mountain centaurs a stone giant an elf mummy a human mummy a pit viper a cobra a wraith a carnivorous ape 2 leather golems 4 giant beetles a cockatrice 6 wolves a winter wolf cub a panther a gremlin 24 leprechauns 2 giant spiders a forest centaur 5 gnome kings 2 orc mummies 2 gold golems 3 Green-elves 2 lizards a chickatrice a jaguar 3 blue jellies 3 ravens a snake 3 soldier ants 45 fire ants 10 bugbears 2 imps 2 wood nymphs 3 water nymphs 14 Uruk-hai 2 orc shamans 2 rock moles 4 fog clouds a yellow light 9 gnome lords 5 gnomish wizards a kobold mummy a red naga hatchling 2 gray oozes a barrow wight 2 straw golems 3 paper golems 7 giant ants 2 floating eyes a kitten a dwarf 3 homunculi 2 kobold lords a kobold shaman 8 hill orcs 8 rothes a rabid rat 2 centipedes a giant bat a monkey 11 orc zombies 3 dwarf zombies 2 wererats 5 iguanas 8 killer bees 2 acid blobs 5 coyotes a gas spore 2 hobbits 4 large kobolds 9 hobgoblins 6 giant rats 10 cave spiders 5 brown molds 3 yellow molds 2 green molds 22 gnomes 4 gnome zombies 2 geckos 14 jackals 4 foxes 7 kobolds 8 goblins 9 sewer rats 17 grid bugs 4 bats 11 lichens 3 kobold zombies 15 newts 458 creatures vanquished. Voluntary challenges: You used a wielded weapon 810 times, starting on turn 28. You read items or engraved 13 times, starting on turn 320. You never genocided any monsters. You never polymorphed an object. You changed form 2 times, starting on turn 5229. You used 1 wish, starting on turn 7152. You did not wish for any artifacts. You never split a pudding. You wrote Elbereth's name 4 times, starting on turn 1026. You never violated your personal moral code. Dungeon overview: The Dungeons of Doom: levels 1 to 17 Level 1 a fountain a long staircase Level 2 stairs to The Gnomish Mines Level 3 an altar to Tyr Level 4 a sink Level 5 many fountains Level 6 some fountains stairs to Sokoban Level 7 a fountain, a throne Level 8 some fountains, a vault Level 9 an altar to Loki, a fountain Level 10 Level 11 a fountain Level 12 a general store portal to The Quest Level 13 a weapon shop Level 14 some fountains Level 15 Level 16 a fountain Level 17 a vault portal to Fort Ludios The Gnomish Mines: levels 3 to 5 Level 3 stairs to The Dungeons of Doom Level 4 Level 5 many shops, a temple to Odin, some fountains The Quest: levels 1 to 3 Level 1 a fountain portal to The Dungeons of Doom Level 2 Level 3 <- You were here Sokoban: levels 2 to 5 Level 2 Level 3 Level 4 Level 5 stairs to The Dungeons of Doom Fort Ludios: Level 1 portal to The Dungeons of Doom History has recorded: On T:1 you entered the Dungeons of Doom to retrieve the Amulet of Yendor! On T:306 you reached level 2 of The Dungeons of Doom. On T:363 you advanced to experience level 2. On T:731 you reached level 3 of The Dungeons of Doom. On T:1007 you advanced to experience level 3. On T:1134 you reached level 4 of The Dungeons of Doom. On T:1409 you reached level 5 of The Dungeons of Doom. On T:1472 you advanced to experience level 4. On T:1665 you reached level 6 of The Dungeons of Doom. On T:1832 you reached level 4 of Sokoban. On T:2143 you reached level 3 of Sokoban. On T:2952 you advanced to experience level 5. On T:2977 you reached level 2 of Sokoban. On T:3373 you reached level 1 of Sokoban. On T:3876 you advanced to experience level 6. On T:4693 you reached level 7 of The Dungeons of Doom. On T:4974 you reached level 1 of The Gnomish Mines. On T:4994 you advanced to experience level 7. On T:5870 you reached level 2 of The Gnomish Mines. On T:6102 you reached level 3 of The Gnomish Mines. On T:6579 you advanced to experience level 8. On T:7152 you wished for "blessed greased +2 gray dragon scale mail". On T:7231 you reached level 8 of The Dungeons of Doom. On T:7666 you reached level 9 of The Dungeons of Doom. On T:7914 you reached level 10 of The Dungeons of Doom. On T:8058 you advanced to experience level 9. On T:8570 you reached level 13 of The Dungeons of Doom. On T:8590 you reached level 12 of The Dungeons of Doom. On T:8769 you reached level 1 of The Quest. On T:8839 you reached level 11 of The Dungeons of Doom. On T:9863 you advanced to experience level 10. On T:9913 you reached level 14 of The Dungeons of Doom. On T:9998 you reached level 17 of The Dungeons of Doom. On T:10000 you reached Fort Ludios. On T:10237 you reached level 16 of The Dungeons of Doom. On T:10803 you reached level 15 of The Dungeons of Doom. On T:11746 you advanced to experience level 11. On T:12494 you embarked upon an epic quest. On T:12553 you reached level 2 of The Quest. On T:12611 you advanced to experience level 12. On T:12717 you reached level 3 of The Quest. Score breakdown: Gold: 1721 (11007 points) Experience: 12 levels (18476 points) Exploration: 19 levels ( 38.00%) (18182 points) Discoveries: 32 items ( 12.85%) (10754 points) Valuables value: (no points given unless you survive) Artifact value: 4000 (12253 points) Variety of kills: 107 monsters ( 28.16%) (15919 points) Turncount: 12974 turns (-2763 points) Survival: died (score multiplied by 80%) Total score: 67062 Latest messages: You trip over it. You make a lot of noise! The fire giant zaps a wand of fire! The ice crackles and melts. You fall into the water! You sink like a rock. Your Excalibur is not affected. Your female lizard corpse is not affected. The wand of cancellation rusts! (2x) Your black onyx ring is not affected. Your wand of teleportation is not affected. Your dagger rusts! The circular amulet rusts! The twisted ring rusts! Your wand of speed monster rusts! Your dwarvish iron helm rusts! Your pair of iron shoes rusts! Your dagger rusts! Your steel ring rusts! Your blindfold is not affected. You drown. For some reason, you think that you can almost hear the Wizard laugh manically... Final status: Farvel Plup the Valkyrie, drowned in a moat, while fumbling... You drowned in The Quest on dungeon level 3 with 67062 points, and 1721 pieces of gold, after 12974 moves. You were level 12 with a maximum of 106 hit points when you drowned.